 Dungeon Crawl Stone Soup version 0.29-a0-557-g43b9904bd1 (webtiles) character file.

Game seed: 13417487199586332098

473 Lochraine the Bolt Thrower (level 7, -3/38 HPs)
             Began as a Kobold Arcane Marksman on June 7, 2022.
             Was an Initiate of Yredelemnul.
             Killed from afar by an orc wizard (13 damage)
             ... with a puff of flame
             ... on level 4 of the Dungeon on June 8, 2022.
             The game lasted 00:17:57 (4652 turns).

Lochraine the Bolt Thrower (Kobold Arcane Marksman) Turns: 4652, Time: 00:17:58

Health: -3/38      AC:  7    Str:  7    XL:     7   Next: 32%
Magic:  17/17      EV: 13    Int: 15    God:    Yredelemnul [......]
Gold:   141        SH:  0    Dex: 21    Spells: 4/8 levels left

rFire   . . .      SeeInvis .   a - +0 hand crossbow
rCold   + + .      Faith    .   (no shield)
rNeg    . . .      Spirit   .   B - +1 ring mail {rC+}
rPois   .          Reflect  .   (no helmet)
rElec   .          Harm     .   (no cloak)
rCorr   .          Rampage  .   K - +0 pair of gloves
Will    .....                   (no boots)
Stlth   +++.......              (no amulet)
HPRegen 0.12/turn               q - ring "Kapaisao" {rC+ MP+9 Dex+4}
MPRegen 0.15/turn               (no ring)

@: no status effects
A: small, no large weapons, nightstalker 3
a: Renounce Religion, Recall Undead Harvest


You were on level 4 of the Dungeon.
You worshipped Yredelemnul.
Yredelemnul was noncommittal.
You visited 1 branch of the dungeon, and saw 4 of its levels.

You collected 141 gold pieces.

Inventory:

Hand Weapons
 a - a +0 hand crossbow (weapon)
 b - a +2 whip of electrocution
   (You found it on level 1 of the Dungeon)
Missiles
 x - a throwing net
Armour
 p - a +0 leather armour
   (You found it on level 2 of the Dungeon)
 v - a +0 plate armour
   (You found it on level 3 of the Dungeon)
 z - a +0 robe
   (You found it on level 3 of the Dungeon)
 A - a +0 scale mail
   (You found it on level 3 of the Dungeon)
 B - a +1 ring mail of cold resistance (worn)
   (You took it off Terence on level 3 of the Dungeon)
 E - a +0 scale mail
   (You found it on level 4 of the Dungeon)
 F - a +0 robe
   (You took it off an orc wizard on level 4 of the Dungeon)
 I - a +0 robe
   (You found it on level 4 of the Dungeon)
 K - a +0 pair of gloves (worn)
   (You found it on level 4 of the Dungeon)
 L - a +0 robe
   (You found it on level 4 of the Dungeon)
Jewellery
 q - the ring "Kapaisao" (left hand) {rC+ MP+9 Dex+4}
   (You found it on level 2 of the Dungeon)

   [ring of magical power]

   Dex:       It affects your dexterity (+4).
   rC:        It protects you from cold.
   MP:        It affects your magic capacity (+9).
 s - an amulet of reflection
   (You found it on level 3 of the Dungeon)
Scrolls
 c - a scroll of vulnerability {!r}
 f - a scroll of noise {unknown}
 h - a scroll of poison {!r}
 i - 4 scrolls of identify {unknown}
 j - a scroll of immolation {unknown}
 l - a scroll of summoning {unknown}
 t - a scroll of fear {unknown}
 u - a scroll of teleportation {unknown}
 C - a scroll of torment {unknown}
Potions
 d - a potion of ambrosia
 e - a potion of flight
 g - a potion of curing {unknown}
 k - a potion of magic {unknown}
 o - a potion of invisibility {unknown}
 r - a potion of attraction {unknown}
 D - a potion of brilliance {unknown}
 H - a potion of lignification {unknown}
 J - a potion of resistance {unknown}


   Skills:
 + Level 1.6 Fighting
 + Level 6.0 Crossbows
 + Level 2.7 Dodging
 - Level 2.3 Stealth
 - Level 1.1 Spellcasting
 - Level 5.0 Hexes
 - Level 3.1 Translocations


You had 4 spell levels left.
You knew the following spells:

 Your Spells              Type           Power      Damage    Failure   Level
a - Slow                  Hex            60%        N/A       11%         1
b - Portal Projectile     Hex/Tloc       26%        N/A       43%         3

Your spell library contained the following spells:

 Spells                   Type           Power      Damage    Failure   Level
 Apportation              Tloc           20%        N/A       24%         1
 Tukima's Dance           Hex            15%        N/A       32%         3
 Beastly Appendage        Tmut           0%         N/A       65%         1
 Necrotize                Necr           0%         1d4       65%         1
 Sting                    Tmut/Pois      0%         1d3       65%         1
 Summon Small Mammal      Summ           0%         N/A       65%         1
 Inner Flame              Hex/Fire       8%         N/A       67%         3
 Summon Guardian Golem    Hex/Summ       8%         N/A       67%         3
 Cause Fear               Hex            7%         N/A       73%         4
 Poisonous Vapours        Pois/Air       0%         N/A       78%         2
 Wereblood                Tmut           0%         N/A       78%         2
 Ignite Poison            Fire/Tmut/Pois 0%         N/A       95%         3
 Spider Form              Tmut/Pois      0%         N/A       95%         3
 Olgreb's Toxic Radiance  Pois           0%         N/A       100%        4
 Alistair's Intoxication  Tmut/Pois      0%         N/A       100%        5
 Blade Hands              Tmut           0%         N/A       100%        5
 Yara's Violent Unravell  Hex/Tmut       4%         3d4       100%        5
 Statue Form              Tmut/Erth      0%         N/A       100%        6
 Orb of Destruction       Conj           0%         9d5       100%        7
 Spellforged Servitor     Conj/Summ      0%         N/A       100%        7


Dungeon Overview and Level Annotations

Branches:
Dungeon (4/15)
 Temple: D:4-7

Altars:
Yredelemnul


Innate Abilities, Weirdness & Mutations

You are small and have problems with some larger weapons.
You are completely attuned to the shadows.


Message History

You kill the orc!
You shoot a bolt. The bolt hits the orc wizard.
You shoot a bolt. The bolt closely misses the orc wizard.
The orc wizard casts a spell at you. The magic dart hits you.
You shoot a bolt. The bolt hits the orc wizard!
The orc wizard gestures at you while chanting.
The magic dart hits you!
* * * LOW HITPOINT WARNING * * *
You are too injured to fight recklessly!
Shoot: a) +0 hand crossbow
Aim: an orc wizard, wielding a +0 dagger and wearing a +0 robe (heavily wounded, 60% to hit)
You shoot a bolt. The bolt closely misses the orc wizard.
The orc wizard mumbles some strange words.
The orc wizard flickers and vanishes!
Deactivating autopickup; reactivate with Ctrl-A.
You hear some strange, mumbled words.
Something tries to affect you, but you resist.
Shoot: a) +0 hand crossbow Really target yourself? [Y]es or [N]o only, please.
Really target yourself? [Y]es or [N]o only, please.
Really target yourself? [Y]es or [N]o only, please.
Really target yourself? [Y]es or [N]o only, please.
Really target yourself?
Okay, then.
Shoot: a) +0 hand crossbow You shoot a bolt.
An orc priest comes into view. It is wielding a +0 hand axe.
Something hits you.
* * * LOW HITPOINT WARNING * * *
Something hits you but does no damage. Something barely misses you.
Something hits you but does no damage. Something hits you.
* * * LOW HITPOINT WARNING * * *
Something hits you but does no damage.
Okay, then.
You hear some strange, mumbled words.
Something tries to affect you, but you resist.
Okay, then.
An orc wizard appears from thin air!
Reactivating autopickup.
The orc wizard gestures at you while chanting.
The puff of flame hits you!
You die...
Your body rises from the dead as a mindless zombie.

#...##8###8#.......##...#
#..............######...##
#8....ZZZ.....### #8...8#
##............# ##...##
##8###8###8#.# ##⌠### ###
### ###o# ### # #####...#
# #...#.### #...@.#
#...### ########
#...##########...ZZZZ
#..............######
#...############ #...#
#<..# #...# #...#


You could see an orc wizard.

Vanquished Creatures
  An ogre (D:4)
  A phantom (D:4)
  A hound (D:4)
  Terence (D:3)
  2 orc wizards (D:4)
  Robin (D:4)
  3 adders
  5 gnolls
  A worm (D:2)
  A dart slug (D:3)
  2 orcs (D:4)
  2 endoplasms (D:3)
  2 giant cockroaches
  12 goblins
  14 hobgoblins
  4 quokkas
  7 ball pythons
  4 bats
  3 frilled lizards
  4 kobolds
  5 rats
76 creatures vanquished.

Vanquished Creatures (collateral kills)
  2 gnolls (D:3)
  2 ball pythons (D:3)
  A bat (D:1)
  An endoplasm (D:3)
  A goblin (D:4)
  A hobgoblin (D:1)
8 creatures vanquished.

Vanquished Creatures (others)
  An orc wizard (D:4)
  An adder zombie (D:4)
  A bat zombie (D:3)
  2 gnoll zombies (D:4)
  5 ball python zombies
  3 goblin zombies
  A hobgoblin zombie (D:1)
  An orc zombie (D:4)
  A quokka zombie (D:1)
  A rat zombie (D:3)
17 creatures vanquished.

Grand Total: 101 creatures vanquished

Notes
Turn   | Place    | Note
-------+----------+-------------------------------------------
     0 | D:1      | Lochraine the Kobold Arcane Marksman began the quest for
                  | the Orb.
     0 | D:1      | Reached XP level 1. HP: 12/12 MP: 2/2
    30 | D:1      | Found a faded altar of an unknown god.
    38 | D:1      | Prayed at the altar of an unknown god.
    38 | D:1      | Became a worshipper of Yredelemnul the Dark
    38 | D:1      | Reached * piety under Yredelemnul
    92 | D:1      | Reached skill level 3 in Crossbows
    92 | D:1      | Reached skill level 1 in Stealth
   167 | D:1      | Reached XP level 2. HP: 16/16 MP: 3/3
   492 | D:1      | Reached ** piety under Yredelemnul
   509 | D:1      | Reached XP level 3. HP: 20/20 MP: 4/4
  1788 | D:2      | Identified the ring "Kapaisao" {rC+ MP+9 Dex+4}
  1796 | D:2      | Learned a level 3 spell: Portal Projectile
  2049 | D:3      | Reached XP level 4. HP: 25/25 MP: 5/5
  2514 | D:3      | Reached skill level 4 in Crossbows
  2557 | D:3      | Noticed Terence
  2574 | D:3      | Killed Terence
  2575 | D:3      | Reached skill level 1 in Translocations
  2941 | D:3      | Reached XP level 5. HP: 23/29 MP: 6/6
  3133 | D:3      | Got the Grimoire of Earthen Changing
  3204 | D:4      | Noticed Robin
  3493 | D:4      | Reached skill level 5 in Crossbows
  3493 | D:4      | Reached XP level 6. HP: 34/34 MP: 7/7
  3733 | D:3      | Upgraded the game from 0.29-a0-555-g3b24f45cc1 to
                  | 0.29-a0-557-g43b9904bd1
  3842 | D:4      | Noticed an ogre
  4056 | D:4      | Killed an ogre
  4057 | D:4      | Reached XP level 7. HP: 38/38 MP: 8/8
  4093 | D:4      | Reached skill level 5 in Hexes
  4366 | D:4      | Killed Robin
  4618 | D:4      | Reached skill level 6 in Crossbows
  4652 | D:4      | Killed from afar by an orc wizard

Illustrated notes

Levels and vault maps discovered:
D:1:      amcnicky_arrival_gap_in_the_tavern_cellar, layout_loops_ring,
          hellmonk_ecumenical_altar_crossroads
D:2:      layout_rooms
D:3:      layout_basic, uniq_terence
D:4:      layout_rooms, serial_corexii_hall, corexii_hall_statues_l,
          corexii_hall_statues_deadend, corexii_hall_statues_deadend,
          chequers_hall_statues_corner_a, corexii_hall_statues_i,
          corexii_hall_statues_i, minmay_a_box_with_orc_wizards_in_it,
          uniq_robin

Skill      XL: |  1  2  3  4  5  6  7 |
---------------+----------------------+-----
Crossbows      | 3 4 5 6 |  6.0
Stealth        | 1 2 |  2.3
Translocations | 1 2 3 |  3.1
Hexes          | 4 5 |  5.0
Fighting       | |  1.6
Dodging        | |  2.7
Spellcasting   | |  1.1

Action                   |  1- 3 |  4- 6 |  7- 9 || total
-------------------------+-------+-------+-------++-------
Melee: Whip              |     3 |    36 |    12 ||    51
       Punch             |       |     1 |       ||     1
 Fire: Hand crossbow     |    76 |    83 |    18 ||   177
 Cast: Portal Projectile |       |     1 |       ||     1
Invok: Recall Undead Har |     1 |     1 |       ||     2
       Dark Bargain      |     1 |       |       ||     1
  Use: Potion            |       |     2 |       ||     2
       Scroll            |       |     1 |       ||     1
Armor: Robe              |     6 |     1 |       ||     7
       Ring mail         |       |    28 |    13 ||    41
Dodge: Dodged            |    30 |    59 |    15 ||   104

Table legend: (Time is in decaauts)
 A = Elapsed time spent in this place.
 B = Non-inter-level travel time spent in this place.
 C = Inter-level travel time spent in this place.
 D = Time resting spent in this place.
 E = Time spent auto-exploring this place.
 F = Levels seen in this place.
 G = Mean time per level.
                   A        B        C        D        E       F      G
               +--------+--------+--------+--------+--------+-----+--------+
         Total |   4716 |   4602 |    114 |   1285 |   2441 |   4 | 1179.0 |
       Dungeon |   4716 |   4602 |    114 |   1285 |   2441 |   4 | 1179.0 |
               +--------+--------+--------+--------+--------+-----+--------+

Top non-repeatable levels by time:
     D:3: 1613 daAuts
     D:1: 1482 daAuts
     D:4: 1138 daAuts
     D:2: 482 daAuts
